 Dungeon Crawl Stone Soup version 0.31-a0-667-g39726597b9 (webtiles) character file.

Game seed: 1008293844930906511

238 night the Ruffian (level 5, -9/45 HPs)
             Began as a Troll Shapeshifter on Sept 3, 2023.
             Was a Follower of Hepliaklqana.
             Mangled by Prince Ribbit (18 damage)
             ... on level 5 of the Dungeon.
             The game lasted 00:06:13 (3252 turns).

night the Ruffian (Troll Shapeshifter)              Turns: 3252, Time: 00:06:14

Health: -9/45      AC:  4    Str: 24    XL:     5   Next: 78%
Magic:  4/4        EV:  9    Int:  6    God:    Hepliaklqana [*.....]
Gold:   244        SH:  0    Dex:  9    Spells: 4/4 levels left

rFire   . .          .
                       - Unarmed
rCold   . . .        (no shield)
rNeg    . . .        a - +0 animal skin
rPois   .            (helmet currently unavailable)
rElec   .            (cloak currently unavailable)
rCorr   .            (gloves unavailable)
SInv    .            (boots unavailable)
Will    .....        (no amulet)
Stlth   +            (no ring)
HPRegen 1.07/turn    (no ring)
MPRegen 0.09/turn

%: no passive effects
@: beast-form
A: beast (slay +2), reduced essence, large, unfitting armour, claws 3,
regeneration 1, shaggy fur 1, tough skin 1
a: Begin Untransformation, Renounce Religion, Recall Ancestor, Ancestor Identity


You were on level 5 of the Dungeon.
You worshipped Hepliaklqana.
Hepliaklqana was aware of your devotion.
You were a hulking beast.
You visited 1 branch of the dungeon, and saw 5 of its levels.

You collected 244 gold pieces.

Inventory:

Missiles
 g - 45 stones
 n - 15 poisoned darts
Armour
 a - a +0 animal skin (worn)
Jewellery
 o - an amulet of regeneration
 s - an amulet of reflection
Talismans
 c - a beast talisman (active)
 d - a flux talisman
Wands
 q - a wand of light (5)
Scrolls
 e - 2 scrolls of revelation {unknown}
 f - 6 scrolls of identify {unknown}
 h - 3 scrolls of teleportation {unknown}
 l - a scroll of vulnerability {unknown}
 m - a scroll of enchant armour {unknown}
 p - a scroll of fear {unknown}
Potions
 b - a potion of mutation {unknown}
 i - 2 potions of curing
 j - 2 potions of degeneration
 k - a potion of attraction {unknown}
 r - a potion of haste {unknown}
 t - a potion of heal wounds {unknown}


   Skills:
 + Level 2.7 Fighting
 - Level 1.5 Dodging
 + Level 4.5 Unarmed Combat
 + Level 4.2 Shapeshifting


You had 4 spell levels left.
You didn't know any spells.
Your spell library contained the following spells:

 Spells                   Type           Power      Damage    Failure   Level
 Summon Forest            Summ/Tloc      0%         N/A       100%        5
 Eringya's Noxious Bog    Tmut/Pois      0%         4d6       100%        6
 Summon Hydra             Summ           0%         N/A       100%        7


Dungeon Overview and Level Annotations

Branches:
Dungeon (5/15)
 Temple: D:4-7

Altars:
Dithmenos
Gozag
Hepliaklqana

Shops:
D:1 (

Annotations:
D:5 Prince Ribbit


Innate Abilities, Weirdness & Mutations

You are a hulking beast.
Your limbs bulge with bestial killing power. (Slay +2)
Your life essence is reduced to manifest your ancestor. (-10% HP)
You are too large for most types of armour.
You have claws for hands.
Your natural rate of healing is unusually fast.
You are covered in fur. (AC +1)
You have tough skin. (AC +1)


Message History

Wigmund closely misses Prince Ribbit.
There is a stone staircase leading up here.
You climb upwards.
There is a stone staircase leading down here.
You start resting.
HP restored.
You climb downwards.
You hear the hiss of flowing sand.
There is an entrance to an ossuary on this level.
Hurry and find it before the portal is buried!
Level annotation: Prince Ribbit Prince Ribbit hits you! x2
There is a stone staircase leading up, spattered with blood here.
You scratch Prince Ribbit.
Prince Ribbit is lightly wounded.
Prince Ribbit closely misses you.
Wigmund hits Prince Ribbit.
Prince Ribbit hits you!
* * * LOW HITPOINT WARNING * * *
You scratch Prince Ribbit.
Prince Ribbit is moderately wounded.
Prince Ribbit catches a millipede with his tongue.
Prince Ribbit blinks!
Aiming: Bolt of Light
Press: ? - help, Shift-Dir - straight line, f - Prince Ribbit
Aim: Prince Ribbit (moderately wounded, ally target, 50% to hit)
Out of range.
Okay, then.
Prince Ribbit winks and puckers his lips.
Aiming: Bolt of Light
Press: ? - help, Shift-Dir - straight line, f - Prince Ribbit
Aim: Prince Ribbit (moderately wounded, ally target, 50% to hit)
The bolt of light hits Prince Ribbit!
Prince Ribbit is heavily wounded.
Prince Ribbit is blinded.
Wigmund hits Prince Ribbit.
There is a stone staircase leading up, spattered with blood here.
Aiming: Bolt of Light
Press: ? - help, Shift-Dir - straight line, f/p - Prince Ribbit
Aim: Prince Ribbit (severely wounded, blind, ally target, 50% to hit)
The bolt of light misses Prince Ribbit.
Wigmund barely misses Prince Ribbit.
Prince Ribbit hits you!!
You die...

## .. #.
#. #.
##### #.
#...#
#.##...###
#hF.....#
#..R....#
##......#
##...###
#...#
##.## .#
.# .#


You could see the friendly Wigmund the ancestor and Prince Ribbit (blind, ally
target).

Vanquished Creatures
  2 orc priests (D:3)
  3 orc wizards (D:3)
  2 adders
  3 dart slugs
  11 orcs
  4 endoplasms
  5 giant cockroaches
  4 goblins (D:1)
  5 hobgoblins
  5 quokkas
  6 ball pythons
  7 bats
  5 frilled lizards
  5 kobolds
  8 rats
75 creatures vanquished.

Notes
Turn   | Place    | Note
-------+----------+-------------------------------------------
     0 | D:1      | night the Troll Shapeshifter began the quest for the Orb.
     0 | D:1      | Reached XP level 1. HP: 18/18 MP: 0/0
   154 | D:1      | Reached skill level 1 in Fighting
   157 | D:1      | Found Moupt's Antique Weapon Shoppe.
   162 | D:1      | Found a faded altar of an unknown god.
   228 | D:1      | Reached XP level 2. HP: 25/27 MP: 1/1
   699 | D:1      | Reached XP level 3. HP: 18/33 MP: 2/2
  1781 | D:3      | Reached skill level 2 in Fighting
  1781 | D:3      | Reached XP level 4. HP: 15/42 MP: 3/3
  1782 | D:3      | HP: 6/42 [something (3)]
  1785 | D:3      | HP: 2/42 [frilled lizard (1)]
  1802 | D:3      | Reached XP level 5. HP: 28/50 MP: 4/4
  2284 | D:3      | Found a faded altar of an unknown god.
  2284 | D:3      | Found a faded altar of an unknown god.
  2292 | D:3      | Found an opulent altar of Gozag.
  2299 | D:3      | Found a shadowy altar of Dithmenos.
  2301 | D:3      | Found a hazy altar of Hepliaklqana.
  2337 | D:3      | Became a worshipper of Hepliaklqana the Forgotten
  2721 | D:4      | Reached * piety under Hepliaklqana
  3203 | D:5      | Entered Level 5 of the Dungeon
  3203 | D:5      | Noticed Prince Ribbit
  3206 | D:5      | HP: 3/45 [Prince Ribbit (16)]
  3247 | D:5      | HP: 4/45 [Prince Ribbit (14)]
  3252 | D:5      | Mangled by Prince Ribbit

Illustrated notes

Levels and vault maps discovered:
D:1:      mrwooster_arrival_arrow, layout_loops_corners, serial_shops, shop,
          ebering_ecumenical_altar_petrified, minmay_misc_feat_plants
D:2:      layout_basic
D:3:      layout_loops_cross, chequers_temple_overflow_minitemple
D:4:      layout_basic, hangedman_decor_points
D:5:      minmay_skewed_foursquare, layout_loops_ring,
          nicolae_ossuary_entry_monument, saegor_snake_ambush,
          uniq_prince_ribbit1, uniq_pikel

Skill      XL: |  1  2  3  4  5 |
---------------+----------------+-----
Fighting       | 1 2 |  2.7
Unarmed Combat | 4 |  4.5
Shapeshifting  | 4 |  4.2
Dodging        | |  1.5

Action                     |  1- 3 |  4- 6 || total
---------------------------+-------+-------++-------
  Melee: Unarmed           |    94 |    72 ||   166
         Punch             |     1 |       ||     1
 Invoke: Ancestor Identity |       |     1 ||     1
  Evoke: Wand              |       |     2 ||     2
    Use: Potion            |       |     4 ||     4
   Stab: Sleeping          |     1 |       ||     1
 Armour: Animal skin       |    63 |    48 ||   111
         Skin              |       |    25 ||    25
  Dodge: Dodged            |    56 |    18 ||    74

Table legend: (Time is in decaauts)
 A = Elapsed time spent in this place.
 B = Non-inter-level travel time spent in this place.
 C = Inter-level travel time spent in this place.
 D = Time resting spent in this place.
 E = Time spent auto-exploring this place.
 F = Levels seen in this place.
 G = Mean time per level.
                   A        B        C        D        E       F      G
               +--------+--------+--------+--------+--------+-----+--------+
         Total |   3240 |   3141 |     99 |     41 |   2629 |   5 |  648.0 |
       Dungeon |   3240 |   3141 |     99 |     41 |   2629 |   5 |  648.0 |
               +--------+--------+--------+--------+--------+-----+--------+

Top non-repeatable levels by time:
     D:1: 883 daAuts
     D:2: 868 daAuts
     D:3: 738 daAuts
     D:4: 736 daAuts
     D:5: 13 daAuts
